Map: Interloper LE

Players

Jinx

  • Race: Protoss Protoss
  • League: Gold
  • Spawn Location: 11:00

Juxtapose - Winner!

  • Race: Terran Terran
  • League: Gold
  • Spawn Location: 5:00

VOD

https://youtu.be/v1aFXlyOEg8

Description

I'm very pleased with this match. I changed up my composition for Terran vs Protoss: dumped Cyclones completely, went infantry with Widow Mines and Liberators, expanded significantly faster than I normally do with Terran, created more Barracks for better production, and slow pushed.

This worked fantastically well, even though I was messing up hotkeys and such.

I'll keep trying this, but perhaps I've found my niche for this match up.

Time

  • Played on: Oct. 1, 2017, 11:27 a.m.
  • Length: 13:26
Show
View Real Time Build Order
Export as new Build Order

Jinx Protoss 

Build Orders: 1 Gate Expand 

Get SALT Encoding   

  12  0:01  Probe (Chrono Boost)  
  13  0:12  Probe (Chrono Boost)  
  14  0:20  Pylon  
  14  0:23  Probe (Chrono Boost)  
  15  0:38  Probe (Chrono Boost)  
  15  0:39  Gateway  
  16  0:57  Probe (Chrono Boost)  
  17  1:14  Probe (Chrono Boost)  
  17  1:17  Nexus  
  18  1:24  Assimilator  
  18  1:25  Probe (Chrono Boost)  
  19  1:36  Cybernetics Core  
  19  1:46  Assimilator  
  19  1:51  Probe (Chrono Boost)  
  20  1:57  Pylon  
  20  2:01  Probe (Chrono Boost)  
  21  2:12  Probe (Chrono Boost)  
  23  2:22  Probe (Chrono Boost)  
  23  2:26  Gateway  
  23  2:33  Probe (Chrono Boost)  
  24  2:37  Warp Gate (Chrono Boost)  
  24  2:40  Pylon  
  24  2:41  Stalker  
  24  2:42  Pylon, Probe  
  26  2:47  Probe  
  28  3:03  Probe  
  28  3:05  Probe  
  30  3:10  Stalker  
  32  3:19  Robotics Facility  
  32  3:22  Probe  
  32  3:23  Probe  
  32  3:26  Assimilator  
  33  3:31  Sentry  
  35  3:37  Probe  
  35  3:38  Probe  
  37  3:44  Forge  
  37  3:46  Pylon  
  37  3:48  Probe  
  38  3:58  Probe  
  38  3:59  Probe  
  38  4:01  Stalker  
  42  4:08  Mothership Core  
  42  4:16  Probe  
  45  4:18  Observer  
  45  4:23  Protoss Ground Weapons Level 1 (Chrono Boost)  
  46  4:30  Gateway  
  46  4:35  Probe  
  46  4:36  Probe, Gateway  
  48  4:42  Assimilator  
  48  4:47  Gateway  
  48  4:49  Pylon  
  48  4:55  Probe  
  48  4:56  Probe  
  49  5:03  Immortal  
  49  5:06  Probe  
  53  5:08  Stalker  
  53  5:09  Probe  
  53  5:10  Sentry  
  59  5:20  Twilight Council  
  59  5:39  Probe  
  59  5:40  Probe  
  61  5:46  Stalker x4  
  69  5:50  Observer  
  69  5:51  Probe  
  69  5:53  Probe  
  72  6:05  Zealot  
  72  6:07  Charge  
  74  6:22  Zealot x2  
  78  6:26  Nexus  
  78  6:29  Pylon  
  78  6:30  Pylon  
  78  6:33  Assimilator  
  78  6:36  Pylon  
  78  6:37  Assimilator  
  78  6:44  Pylon  
  78  6:45  Protoss Shields Level 1 (Chrono Boost)  
  78  6:47  Warp Prism  
  80  6:55  Probe  
  80  6:57  Probe  
  82  7:19  Robotics Bay  
  82  7:37  Probe  
  82  7:38  Probe  
  82  7:41  Stalker x4  
  82  7:42  Stalker  
  94  8:20  Colossus  
  92  8:29  Protoss Ground Weapons Level 2 (Chrono Boost)  
  92  8:32  Extended Thermal Lance (Chrono Boost)  
  98  8:36  Zealot x2  
  98  8:37  Zealot x3  
  108  8:53  Gateway  
  108  8:54  Gateway  
  108  8:56  Probe, Gateway  
  108  8:57  Gateway  
  108  8:58  Probe x2  
  108  9:01  Pylon  
  111  9:04  Zealot x5, Pylon  
  87  9:28  Stalker x2  
  87  9:29  Stalker x2  
  79  9:38  Stalker  
  79  9:45  Colossus  
  87  9:54  Stalker x5  
  87  9:58  Stalker  
  87  9:59  Stalker x2  
  91  10:04  Stalker  
  75  10:17  Stalker  
  75  10:18  Stalker x3  
  77  10:33  Stalker  
  77  10:34  Stalker x2  
  83  10:47  Stalker x3  
  77  10:59  Stalker x2  
  63  11:11  Stalker  
  63  11:12  Stalker x2  
  69  11:27  Stalker x3  
  75  11:36  Zealot x3  
  81  11:49  Zealot  
  81  11:50  Zealot x2  
  66  12:03  Zealot x3  
  64  12:09  Stalker  
  64  12:18  Stalker  
  66  12:31  Stalker x2  
  55  12:47  Stalker  
  57  13:11  Stalker  
  57  13:12  Stalker x2  
Show
View Real Time Build Order
Export as new Build Order

Juxtapose Terran - Winner!

Build Orders: MMM Bio 

Get SALT Encoding   

  12  0:01  SCV  
  13  0:13  SCV  
  14  0:22  Supply Depot  
  14  0:25  SCV  
  15  0:44  SCV  
  15  0:48  Barracks  
  16  0:52  Supply Depot  
  16  0:56  SCV  
  17  1:03  Refinery  
  17  1:08  SCV  
  18  1:20  SCV  
  18  1:22  Refinery  
  19  1:36  Orbital Command  
  19  1:37  Marine  
  20  2:08  Barracks Reactor  
  20  2:10  SCV  
  21  2:20  Command Center  
  21  2:23  SCV  
  21  2:25  Engineering Bay  
  22  2:35  SCV  
  23  2:47  SCV  
  23  2:49  Barracks  
  24  2:52  Marine x2  
  26  3:06  SCV  
  26  3:12  Marine  
  28  3:26  SCV  
  29  3:31  Missile Turret  
  29  3:35  Marine x2  
  29  3:37  Barracks Reactor  
  31  3:42  Factory  
  31  3:44  Orbital Command  
  31  3:52  Supply Depot  
  31  3:55  Terran Infantry Weapons Level 1  
  31  4:02  Missile Turret  
  31  4:05  Marine x2, Orbital Command  
  33  4:17  Supply Depot  
  33  4:20  SCV  
  34  4:27  Factory Reactor  
  34  4:30  Starport  
  34  4:34  SCV x2  
  36  4:39  Marine  
  36  4:40  Marine x3  
  40  4:46  SCV  
  41  4:54  Sensor Tower  
  41  4:59  SCV  
  42  5:01  SCV  
  42  5:05  Marine x2  
  45  5:11  SCV  
  45  5:13  SCV  
  47  5:23  SCV  
  47  5:24  Refinery, Liberator x2  
  47  5:25  SCV  
  47  5:26  Refinery  
  49  5:36  SCV  
  56  5:43  Barracks Tech Lab  
  56  5:44  Marine x2  
  56  5:46  Widow Mine x2  
  62  6:05  Supply Depot  
  62  6:07  Terran Infantry Armor Level 1  
  62  6:13  Armory  
  62  6:26  SCV x2, Medivac x2  
  62  6:28  Supply Depot  
  68  6:38  SCV x2  
  70  6:40  Stimpack  
  70  6:46  Supply Depot  
  70  6:49  Marine x2  
  70  6:50  Marauder  
  70  6:51  SCV x2  
  70  6:53  Widow Mine  
  78  7:07  Widow Mine  
  78  7:08  Marine x2  
  82  7:11  Marauder  
  82  7:13  Barracks  
  84  7:21  Widow Mine  
  86  7:39  Supply Depot  
  86  7:43  Terran Vehicle And Ship Armor Level 1  
  86  8:00  Marine x2, Marauder  
  86  8:01  Barracks  
  86  8:02  Supply Depot  
  90  8:06  Liberator x2  
  90  8:18  Marine x2  
  92  8:24  Supply Depot  
  98  8:38  Marine, Marauder  
  98  8:39  Marine  
  98  8:41  Combat Shields  
  102  8:42  Terran Infantry Weapons Level 2  
  102  8:48  Supply Depot  
  102  9:00  Marauder  
  104  9:06  Medivac x2  
  94  9:29  Marine x3  
  91  9:45  Medivac x2  
  93  9:47  Marine x3  
  97  10:04  Marine  
  97  10:05  Marine x2  
  93  10:13  Barracks Reactor x2  
  90  10:17  Liberator x2  
  90  10:22  Marine x2  
  90  10:23  Marine  
  99  10:40  Marine x3  
  96  10:58  Marine x3  
  96  11:01  Liberator x2  
  96  11:02  Marine x4  
  101  11:04  Widow Mine  
  101  11:05  Widow Mine  
  101  11:16  Marine x3  
  104  11:19  Marine  
  104  11:20  Marine x2  
  104  11:21  Marine  
  113  11:34  Marine x3  
  113  11:37  Marine x2  
  117  11:56  Marine  
  117  11:58  Marine x2  
  117  12:00  Marine x2  
  117  12:01  Marine x2  
  113  12:14  Marine  
  111  12:16  Marine x2  
  111  12:18  Marine x3  
  111  12:22  Liberator x2  
  103  12:42  Marine x3  
  111  12:54  Command Center  
Tags
 
Composition
MMM Bio
League
GoldGold
Matchup
PvT
Spawn Locations
Cross Positions
Add a new tag
Caveats
  • Supply blocks, unpowered buildings, or Contaminate may cause inaccurate times.
  • Supply counts are checked every 10 seconds.